 Dungeon Crawl Stone Soup version 0.32-a0-986-ga09f62fbf4 (webtiles) character file.

Game seed: 5676744264195456204

32 protoss039 the Digger (level 3, 26/26 HPs)
             Began as a Demonspawn Earth Elementalist on Apr 21, 2024.
             Got out of the dungeon alive.
             The game lasted 00:01:00 (955 turns).

protoss039 the Digger (DsEE)                         Turns: 955, Time: 00:01:00

Health: 26/26      AC:  4    Str:  8    XL:     3   Next: 10%
Magic:  6/6        EV: 11    Int: 17    God:
Gold:   104        SH:  0    Dex: 13    Spells: 6/7 levels left

rFire   . . .        c - +0 dagger
rCold   . . .        (no shield)
rNeg    . . .        a - +0 robe
rPois   .            (no helmet)
rElec   .            (no cloak)
rCorr   .            (no gloves)
SInv    .            (no boots)
Will    .....        (no amulet)
Stlth   ++           (no ring)
HPRegen 0.24/turn    (no ring)
MPRegen 0.10/turn

%: no passive effects
@: no status effects
A: slimy green scales 1, powered by pain 1
a: no special abilities


You escaped.
You visited 1 branch of the dungeon, and saw 2 of its levels.

You collected 104 gold pieces.

Inventory:

Hand Weapons
 c - a +0 dagger (weapon)
Armour
 a - a +0 robe (worn)
Scrolls
 d - 3 scrolls of immolation {unknown}
 f - a scroll of identify {unknown}
Potions
 b - a potion of magic
 e - a potion of degeneration {unknown}
 g - a potion of berserk rage {unknown}


   Skills:
 + Level 1.4 Fighting
 - Level 1.7 Dodging
 - Level 1.7 Stealth
 + Level 2.5 Spellcasting
 - Level 1.0 Conjurations
 + Level 3.1 Earth Magic


You had 6 spell levels left.
You knew the following spells:

 Your Spells              Type           Power      Damage    Failure   Level
a - Sandblast             Erth           24%        2d8       4%          1

Your spell library contained the following spells:

 Spells                   Type           Power      Damage    Failure   Level
 Passwall                 Erth           12%        N/A       16%         3
 Stone Arrow              Conj/Erth      18%        3d8       24%         3
 Brom's Barrelling Bould  Conj/Erth      9%         2d3       61%         4
 Petrify                  Alch/Erth      7%         N/A       67%         4


Dungeon Overview and Level Annotations

Branches:
Dungeon (2/15) Zot: 11027

Altars:


Innate Abilities, Weirdness & Mutations

You are partially covered in slimy green scales. (AC +2)
You sometimes gain a little power by taking damage.


Message History

Aiming: Sandblast (safe; 6% risk of failure)
Press: ? - help, Shift-Dir - straight line, f/p - kobold
Aim: a kobold, wielding a +0 dagger and quivering stones (77% to hit)
The blast of sand hits the kobold!
You kill the kobold!
The adder barely misses you. The adder bites you but does no damage.
Unknown command.
Casting: Sandblast (safe; 6% risk of failure)
Confirm with . or Enter, or press ? or * to list all spells.
Aiming: Sandblast (safe; 6% risk of failure)
Press: ? - help, Shift-Dir - straight line, f - adder
Aim: an adder (70% to hit)
The blast of sand hits the adder!
The adder is severely wounded.
The adder completely misses you. The adder bites you but does no damage.
Unknown command.
Casting: Sandblast (safe; 6% risk of failure)
Confirm with . or Enter, or press ? or * to list all spells.
Aiming: Sandblast (safe; 6% risk of failure)
Press: ? - help, Shift-Dir - straight line, f/p - adder
Aim: an adder (severely wounded, 70% to hit)
The blast of sand hits the adder!
You kill the adder!
You have reached level 3!
Your experience leads to an increase in your attributes!
Increase (S)trength, (I)ntelligence, or (D)exterity?
You feel clever. x2; Your demonic ancestry asserts itself...
You feel energised by your suffering.
Unknown command.
You enter the shallow water.
Moving in this stuff is going to be slow.
There is a stone staircase leading up here.
You climb upwards.
There is a stone staircase leading down here.
Magic restored.
There is a stone staircase leading down here.
You see here a +0 mace.
There is an open door here.
There is a staircase leading out of the dungeon here.
You have escaped!

...##.##.##..##########.#
...##.##.#...#..........#
...##.##.>...#.ß..≈≈≈≈..#
...##.##.#####..........#
...##........######.#####
...#####.###.######'####
#### #.# #.##........#
#.# #.##........#
#.###.##.@......#
#.....##........#
########........#
##########


There were no monsters in sight!

Vanquished Creatures
  An adder (D:2)
  2 dart slugs
  2 ball pythons (D:1)
  An endoplasm (D:1)
  A giant cockroach (D:1)
  5 hobgoblins
  2 bats
  2 frilled lizards (D:1)
  2 kobolds
  2 rats
20 creatures vanquished.

Notes
Turn   | Place    | Note
-------+----------+-------------------------------------------
     0 | D:1      | protoss039 the Demonspawn Earth Elementalist began the
                  | quest for the Orb.
     0 | D:1      | Reached XP level 1. HP: 13/13 MP: 3/3
   196 | D:1      | Found a faded altar of an unknown god.
   206 | D:1      | Gained mutation: You are partially covered in slimy green
                  | scales. (AC +2) [demonic ancestry]
   206 | D:1      | Reached XP level 2. HP: 18/20 MP: 0/5
   223 | D:1      | Reached skill level 1 in Fighting
   373 | D:1      | Reached skill level 3 in Earth Magic
   880 | D:2      | Gained mutation: You sometimes gain a little power by
                  | taking damage. [demonic ancestry]
   880 | D:2      | Reached XP level 3. HP: 26/26 MP: 0/6
   955 | D:$      | Got out of the dungeon alive.

Illustrated notes

Levels and vault maps discovered:
D:1:      dpeg_arrival_rooms_c, layout_basic,
          ebering_ecumenical_altar_abandoned, minmay_misc_feat_pillars
D:2:      layout_basic, serial_bayou_lake_a, uniq_crazy_yiuf_cottage

Skill      XL: |  1  2 |
---------------+-------+-----
Fighting       | 1 |  1.4
Earth Magic    | 3 |  3.1
Dodging        | |  1.7
Stealth        | |  1.7
Spellcasting   | |  2.5
Conjurations   | |  1.0

Action                     || total
---------------------------++-------
  Melee: Dagger            ||    11
   Cast: Sandblast         ||    25
 Armour: Robe              ||    18
  Dodge: Dodged            ||    19

Table legend: (Time is in decaauts)
 A = Elapsed time spent in this place.
 B = Non-inter-level travel time spent in this place.
 C = Inter-level travel time spent in this place.
 D = Time resting spent in this place.
 E = Time spent auto-exploring this place.
 F = Levels seen in this place.
 G = Mean time per level.
                   A        B        C        D        E       F      G
               +--------+--------+--------+--------+--------+-----+--------+
         Total |    972 |    881 |     91 |      0 |    758 |   2 |  486.0 |
       Dungeon |    972 |    881 |     91 |      0 |    758 |   2 |  486.0 |
               +--------+--------+--------+--------+--------+-----+--------+

Top non-repeatable levels by time:
     D:1: 812 daAuts
     D:2: 160 daAuts
